 Dungeon Crawl Stone Soup version 0.21.1-1-g345015f (webtiles) character file.

10 Mgcat the Insei (level 2, -1/23 HPs)
             Began as a Gnoll Transmuter on Mar 21, 2018.
             Slain by an adder (3 damage)
             ... on level 3 of the Dungeon.
             The game lasted 00:01:25 (193 turns).

Mgcat the Insei (Gnoll Transmuter)                   Turns: 193, Time: 00:01:25

Health: -1/23      AC:  2    Str:  9 (12) XL:     2   Next: 20%
Magic:  3/7        EV: 14    Int: 14 (15) God:
Gold:   96         SH:  3    Dex: 13 (15) Spells: 7/10 levels left

rFire    . . .     SeeInvis .     - Unarmed
rCold    . . .     Gourm    .   (no shield)
rNeg     . . .     Faith    .   b - +0 robe
rPois    .         Spirit   .   (no helmet)
rElec    .         Reflect  +   (no cloak)
rCorr    .         Harm     .   (no gloves)
MR       .....                  (no boots)
Stlth    +.........             h - +3 amulet of reflection
HPRegen  0.07/turn              (no ring)
MPRegen  0.10/turn              (no ring)

@: lethally poisoned (-1 -> -7), hasted, very quick
A: distributed training, fangs 1, strong nose
a: no special abilities


You were on level 3 of the Dungeon.
You were not hungry.

You visited 1 branch of the dungeon, and saw 3 of its levels.

You collected 96 gold pieces.

Inventory:

Missiles
 a - 35 arrows
Armour
 b - a +0 robe (worn)
Jewellery
 h - a +3 amulet of reflection (around neck)
   (You found it on level 1 of the Dungeon)
Scrolls
 i - a scroll of identify {unknown}
 k - a scroll of random uselessness {unknown}
Potions
 g - a potion of curing {unknown}
Books
 c - a book of Changes
Comestibles
 d - 2 rations
 f - 7 chunks of flesh {@w0}


   Skills:
 + Level 2.4 Fighting
 + Level 0.3 Short Blades
 + Level 0.3 Long Blades
 + Level 0.3 Axes
 + Level 0.3 Maces & Flails
 + Level 0.3 Polearms
 + Level 0.3 Staves
 + Level 0.3 Slings
 + Level 0.3 Bows
 + Level 0.3 Crossbows
 + Level 0.3 Throwing
 + Level 0.3 Armour
 + Level 4.4 Dodging
 + Level 0.3 Stealth
 + Level 0.3 Shields
 + Level 6.4 Unarmed Combat
 + Level 4.9 Spellcasting
 + Level 0.2 Conjurations
 + Level 0.2 Hexes
 + Level 0.2 Charms
 + Level 0.2 Summonings
 + Level 0.2 Necromancy
 + Level 0.2 Translocations
 + Level 3.7 Transmutations
 + Level 0.2 Fire Magic
 + Level 0.2 Ice Magic
 + Level 0.2 Air Magic
 + Level 0.2 Earth Magic
 + Level 0.2 Poison Magic
 + Level 0.4 Invocations
 + Level 0.3 Evocations


You had 7 spell levels left.
You knew the following spells:

 Your Spells              Type           Power        Failure   Level  Hunger
a - Beastly Appendage     Tmut           ##....       3%          1    None
b - Sticks to Snakes      Tmut           ##......     6%          2    ##.....


Dungeon Overview and Level Annotations

Branches:
Dungeon (3/15)

Altars:


Innate Abilities, Weirdness & Mutations

Your experience applies equally to all skills.
You have very sharp teeth.
Your uncanny sense of smell can sniff out nearby items.


Message History

Casting: Beastly Appendage
Confirm with . or Enter, or press ? or * to list all spells.
Your feet morph into talons.
You barely miss the goblin. The goblin misses you.
You hit the goblin.
You kill the goblin!
Memorise Sticks to Snakes, consuming 2 spell levels and leaving 7?
You start memorising the spell.
You continue memorising. x2
You finish memorising.
Spell assigned to 'b'.
You now have 96 gold pieces (gained 13).
a - 37 arrows (gained 25)
d - 2 rations (gained 1)
Your transformation is almost over.
j - a lumpy puce potion
k - a scroll labeled REGENU PUANGOHY You open the door.
An adder, a rat and a quokka come into view.
Casting: Beastly Appendage
Confirm with . or Enter, or press ? or * to list all spells.
You extend your transformation's duration.
A goblin comes into view. It is wielding a club.
The goblin shouts!
Found a scroll labeled VEOL MIXES ULA.
Found an escape hatch in the ceiling.
You barely miss the adder. Your bite misses the adder.
The adder closely misses you.
Casting: Beastly Appendage
Confirm with . or Enter, or press ? or * to list all spells.
You create a snake!
You now have 36 arrows.
Your transformation is almost over.
The adder barely misses you. The adder bites you.
A rat comes into view.
The adder misses you.
The goblin unwields an uncursed club.
The goblin wields a hunting sling.
The goblin shoots a stone.
The stone hits you.
Your ball python bites the adder.
Your ball python closely misses the adder.
You barely miss the adder. Your kick misses the adder.
The adder is lightly wounded.
The adder bites you but does no damage. The rat bites your ball python.
Your ball python misses the adder. x2; The goblin shoots a stone.
The stone closely misses you.
The stone hits the adder but does no damage.
You barely miss the adder. Your kick misses the adder.
The adder is lightly wounded.
The adder closely misses you.
Your ball python misses the adder.
Your ball python closely misses the adder.
The rat bites your ball python.
Your ball python dies!
The rat twitches its whiskers.
You barely miss the adder. You claw the adder.
The adder is heavily wounded.
The adder bites you.
The goblin shoots a stone.
The stone hits you. The adder completely misses you.
Casting: Sticks to Snakes
Confirm with . or Enter, or press ? or * to list all spells.
You create a snake!
You now have 35 arrows.
The adder barely misses you. The adder bites you. The rat closely misses you.
Your ball python bites the rat but does no damage.
Your ball python grabs the rat.
Your ball python constricts the rat.
You barely miss the adder.
The adder is moderately wounded.
The adder bites you.
You are poisoned.
The adder poisons you!
Your ball python barely misses the rat.
Your ball python constricts the rat.
The rat barely misses you.
You hit the rat.
You kill the rat!
You feel sick. The adder bites you.
* * * LOW HITPOINT WARNING * * *
You are lethally poisoned!
The adder poisons you!
The goblin shoots a stone.
The stone hits you.
* * * LOW HITPOINT WARNING * * *
The adder closely misses you.
You hit the adder.
The adder is severely wounded.
Your talons disappear.
* * * LOW HITPOINT WARNING * * *
You feel sick.
The goblin unwields an uncursed hunting sling.
The goblin wields an uncursed club.
The goblin hits your ball python with an uncursed club.
The adder bites you but does no damage.
You barely miss the adder. Your punch misses the adder.
Your bite misses the adder.
The adder is severely wounded.
Your ball python barely misses the goblin. x2
The adder misses you.
The goblin unwields an uncursed club.
The goblin wields an uncursed hunting sling.
The goblin shoots a stone.
The stone hits your ball python but does no damage.
It was a potion of degeneration.
There was something very wrong with that liquid.
You feel weakened.
You feel dopey.
You feel clumsy.
* * * LOW HITPOINT WARNING * * *
You feel sick.
Your ball python closely misses the goblin.
Your ball python barely misses the goblin.
The adder closely misses you.
Your ball python bites the goblin.
Your ball python grabs the goblin.
Your ball python constricts the goblin.
It was a potion of haste.
You feel yourself speed up. The adder bites you.
You die...

#....#)#+###
+...........
#.#...........
#.#...........
#.....<....... ?
..#.#..#........##..
............#.......
..........#####..##.#
#.##..##...rS@Sg....<
# #.. #....###..#...
#.. #.........# #..
#....#.#...#
#....#'###.# .#
##...... # #.......
##....... #........


You could see an adder, a goblin, a rat and a friendly ball python.

Vanquished Creatures
  A dart slug (D:1)
  A ball python (D:1)
  A giant cockroach (D:1)
  A goblin (D:3)
  A hobgoblin (D:1)
  A kobold (D:1)
  2 rats
8 creatures vanquished.

Notes
Turn   | Place    | Note
-------+----------+-------------------------------------------
     0 | D:1      | Mgcat the Gnoll Transmuter began the quest for the Orb.
     0 | D:1      | Reached XP level 1. HP: 17/17 MP: 6/6
    97 | D:1      | Reached XP level 2. HP: 21/23 MP: 7/7
   156 | D:3      | Learned a level 2 spell: Sticks to Snakes
   189 | D:3      | HP: 4/23 [goblin/stone (2)]
   193 | D:3      | Slain by an adder

Action                   || total
-------------------------++-------
Melee: Unarmed           ||    23
       Bite              ||     3
       Kick              ||     4
       Headbutt          ||     1
       Punch             ||     1
 Cast: Beastly Appendage ||     5
       Sticks to Snakes  ||     2
  Use: Potion            ||     2
Armor: Robe              ||     3
Dodge: Dodged            ||    18

Vault maps used:
D:1:      evilmike_arrival_run_for_it
D:2:      lemuel_doored_altar
D:3:      minmay_door_path, chequers_ecumenical_altar_simple, first_ration,
          hangedman_decor_growths, uniq_sigmund, uniq_jessica, uniq_grinder

Table legend:
 A = Turns spent in this place as a percentage of turns spent in the entire game.
 B = Non-inter-level travel turns spent in this place as a percentage of non-inter-level travel turns spent in the entire game.
 C = Inter-level travel turns spent in this place as a percentage of turns spent in this place.
 D = Turns resting spent in this place as a percentage of non-inter-level travel turns spent in this place.
 E = Turns spent auto-exploring this place as a percentage of non-inter-level travel turns spent in this place.
 F = Non-inter-level travel turns spent in this place divided by the number of levels of this place that you've seen.
                   A       B       C       D       E      F
               +-------+-------+-------+-------+-------+----------------------
         Total | 100.0 | 100.0 |   0.0 |   0.0 |  34.7 |  64.3
       Dungeon | 100.0 | 100.0 |   0.0 |   0.0 |  34.7 |  64.3
               +-------+-------+-------+-------+-------+----------------------

Table legend:
 A = Kills in this place as a percentage of kills in entire the game.
 B = Kills by you in this place as a percentage of kills by you in the entire game.
 C = Kills by friends in this place as a percentage of kills by friends in the entire game.
 D = Other kills in this place as a percentage of other kills in the entire game.
 E = Experience gained in this place as a percentage of experience gained in the entire game.
 F = Experience gained in this place divided by the number of levels of this place that you have seen.
                   A       B       C       D       E      F
               +-------+-------+-------+-------+-------+----------------------
         Total | 100.0 | 100.0 |   N/A |   N/A | 100.0 |   5.0
       Dungeon | 100.0 | 100.0 |   N/A |   N/A | 100.0 |   5.0
               +-------+-------+-------+-------+-------+----------------------
